Map: Dusty Gorge

Players

Adversity - Winner!

  • Race: Terran Terran
  • Spawn Location: 5:00

Icarus - Winner!

  • Race: Terran Terran
  • Spawn Location: 3:00

lIlIlIlIlIlI

  • Race: Terran Terran
  • League: Master
  • Spawn Location: 11:00

Gandalf

  • Race: Terran Terran
  • Spawn Location: 9:00

VOD

Have the link to the VOD?

Description

Time

  • Played on: July 17, 2018, 3:56 p.m.
  • Length: 3:50
Show
View Real Time Build Order
Export as new Build Order

Adversity Terran - Winner!

Build Orders:  

Get SALT Encoding   

  12  0:01  SCV  
  13  0:13  SCV  
  14  0:18  Supply Depot  
  14  0:25  SCV  
  15  0:29  Refinery  
  15  0:40  SCV  
  16  0:45  Barracks  
  16  0:52  SCV  
  17  1:04  SCV  
  17  1:10  Barracks  
  18  1:16  SCV  
  19  1:26  Barracks  
  19  1:33  Reaper  
  19  1:39  Orbital Command  
  20  1:48  Supply Depot  
  20  1:59  Reaper  
  21  2:03  Refinery  
  21  2:05  Reaper  
  21  2:06  SCV  
  23  2:13  Reaper  
  24  2:16  Supply Depot  
  24  2:22  SCV  
  25  2:34  Reaper  
  25  2:36  SCV  
  27  2:40  Reaper  
  28  2:53  Reaper  
  29  3:05  Command Center  
  29  3:06  Reaper  
  29  3:08  SCV  
  29  3:12  Reaper  
  32  3:22  SCV  
  32  3:24  Supply Depot  
Show
View Real Time Build Order
Export as new Build Order

Icarus Terran - Winner!

Build Orders: Cyclone Opening 

Get SALT Encoding   

  12  0:00  SCV  
  13  0:13  SCV  
  14  0:18  Supply Depot  
  14  0:25  SCV  
  15  0:29  Refinery  
  15  0:39  SCV  
  16  0:46  Barracks  
  16  0:52  SCV  
  17  0:58  Refinery  
  17  1:04  SCV  
  18  1:16  SCV  
  19  1:34  Factory  
  19  1:37  Barracks Reactor  
  19  1:39  Orbital Command  
  19  1:49  Supply Depot  
  19  2:06  SCV  
  20  2:18  SCV  
  21  2:24  Cyclone x2  
  27  2:30  Supply Depot  
  27  2:32  SCV  
  28  2:45  SCV  
  29  2:56  Cyclone x2  
  35  3:02  SCV  
  36  3:14  SCV  
  37  3:26  SCV  
Show
View Real Time Build Order
Export as new Build Order

lIlIlIlIlIlI Terran 

Build Orders:  

Get SALT Encoding   

  12  0:00  SCV  
  13  0:12  SCV  
  14  0:19  Supply Depot  
  14  0:25  SCV  
  15  0:35  Refinery  
  15  0:41  SCV  
  16  0:47  Barracks  
  16  0:53  SCV  
  17  1:02  Refinery  
  17  1:05  SCV  
  18  1:17  SCV  
  19  1:29  SCV  
  20  1:35  Marine  
  21  1:41  Orbital Command  
  21  1:42  Bunker  
  21  1:55  Marine  
  21  1:57  Supply Depot  
  22  2:13  Marine  
  23  2:19  SCV  
  23  2:20  Supply Depot  
  23  2:40  Marine  
  23  2:41  SCV  
  25  2:54  SCV  
  25  2:57  Marine  
  27  3:10  SCV  
  25  3:25  Marine  
Show
View Real Time Build Order
Export as new Build Order

Gandalf Terran 

Build Orders: Command Center First (CC) 

Get SALT Encoding   

  12  0:01  SCV  
  13  0:13  SCV  
  14  0:18  Supply Depot  
  14  0:25  SCV  
  15  0:40  SCV  
  16  0:52  SCV  
  17  1:03  Command Center  
  17  1:07  SCV  
  18  1:14  Barracks  
  18  1:25  SCV  
  19  1:28  Refinery  
  19  1:30  Refinery  
  19  1:38  Supply Depot  
  19  1:44  SCV  
  20  1:56  SCV  
  21  2:03  Marine  
  21  2:07  Factory  
  22  2:10  Barracks  
  22  2:11  Orbital Command  
  22  2:22  Marine  
  23  2:37  SCV  
  23  2:40  Marine  
  25  2:56  Orbital Command  
  25  3:02  Factory Tech Lab  
  25  3:03  Barracks Tech Lab  
  25  3:07  Marine, Starport  
  25  3:10  SCV  
  27  3:22  SCV  
  27  3:25  Marine  
  29  3:29  Marine  
Tags
 
Add a new tag
Caveats
  • Supply blocks, unpowered buildings, or Contaminate may cause inaccurate times.
  • Supply counts are checked every 10 seconds.